 Dungeon Crawl Stone Soup version 0.27-a0-1181-g5f64966fcc (webtiles) character file.

Game seed: 79005697907599386

21 toffzen the Cudgeller (level 2, 0/28 HPs)
             Began as a Tengu Berserker on May 17, 2021.
             Was a Follower of Trog.
             Succumbed to a kobold's poison
             ... on level 1 of the Dungeon.
             The game lasted 00:02:08 (708 turns).

toffzen the Cudgeller (Tengu Berserker)              Turns: 708, Time: 00:02:09

Health: 0/28       AC: 11    Str: 17    XL:     2   Next: 83%
Magic:  3/3        EV:  7    Int:  7    God:    Trog [*.....]
Gold:   16         SH:  0    Dex: 13    Spells: 1/1 levels left

rFire    . . .     SeeInvis .   a - +0 mace
rCold    . . .     Faith    .   (no shield)
rNeg     + . .     Spirit   .   g - +1 chain mail
rPois    .         Reflect  .   (helmet restricted)
rElec    .         Harm     .   (no cloak)
rCorr    .         Rampage  .   b - +0 pair of gloves
Will     .....                  (boots unavailable)
Stlth    ..........             (no amulet)
HPRegen  0.09/turn              c - ring of positive energy
MPRegen  0.08/turn              (no ring)

@: brilliant, berserking, lethally poisoned (0 -> -1), very quick
A: beak, talons 3
a: Renounce Religion, Berserk


You were on level 1 of the Dungeon.
You worshipped Trog.
Trog was aware of your devotion.
You visited 1 branch of the dungeon, and saw 1 of its levels.

You collected 16 gold pieces.

Inventory:

Hand Weapons
 a - a +0 mace (weapon)
Armour
 b - a +0 pair of gloves (worn)
 g - a +1 chain mail (worn)
Jewellery
 c - a ring of positive energy (left hand)
Scrolls
 d - a scroll of enchant armour


   Skills:
 + Level 3.2 Fighting
 * Level 3.7 Maces & Flails
 + Level 2.5 Armour
 + Level 2.5 Dodging


You had one spell level left.
You didn't know any spells.
Your spell library was empty.

Dungeon Overview and Level Annotations

Branches:
Dungeon (1/15)

Altars:

Shops:
D:1 *:(!


Innate Abilities, Weirdness & Mutations

You have a beak for a mouth.
You have claws for feet.


Message History

There is an open door here.
You hit the kobold but do no damage. You claw the kobold, but do no damage.
You feel sick. The kobold hits you but does no damage.
You are lethally poisoned!
You barely miss the kobold. You claw the kobold.
You kill the kobold!
Trog accepts your kill.
You feel very sick.
You hit the dart slug. You peck the dart slug.
You kill the dart slug!
Trog accepts your kill.
You feel very sick.
You are too injured to fight recklessly!
Okay, then.
Okay, then.
It was a potion of magic.
Magic courses through your body.
You feel sick.
It was a potion of brilliance.
You feel clever all of a sudden.
* * * LOW HITPOINT WARNING * * *
You feel sick.
* * * LOW HITPOINT WARNING * * *
You feel sick.
There is an entrance to Voirrot's General Store here.
Unknown command.
Unknown command.
As you read the scroll labelled ZOL XYTICH, it crumbles to dust.
It is a scroll of enchant armour.
Your +0 chain mail glows green for a moment.
* * * LOW HITPOINT WARNING * * *
You feel sick.
* * * LOW HITPOINT WARNING * * *
You feel sick.
* * * LOW HITPOINT WARNING * * *
You feel sick.
* * * LOW HITPOINT WARNING * * *
You feel sick.
Okay, then.
A red film seems to cover your vision as you go berserk!
You feel yourself moving faster!
You feel mighty!
You die...

#(............ #.#.#
##..... #.#.# #....##
######.#.####..####
$> ##......#......##
....#..............#
......).............#
.....#'#...........#
###..#@#...........#
# #..###...........#
## #................#
#.
#.................#
#.
.........)........##
#.
.....#.....##.....#
#. ############ #####
#. ## #


There were no monsters in sight!

Vanquished Creatures
  2 dart slugs (D:1)
  2 bats (D:1)
  An endoplasm (D:1)
  3 goblins (D:1)
  A hobgoblin (D:1)
  A quokka (D:1)
  2 ball pythons (D:1)
  3 kobolds (D:1)
15 creatures vanquished.

Notes
Turn   | Place    | Note
-------+----------+-------------------------------------------
     0 | D:1      | toffzen the Tengu Berserker began the quest for the Orb.
     0 | D:1      | Reached XP level 1. HP: 14/14 MP: 2/2
   139 | D:1      | Found Atwuef's Antique Weapon Shoppe.
   156 | D:1      | Found Ejofur's Book Boutique.
   161 | D:1      | Reached XP level 2. HP: 15/19 MP: 3/3
   550 | D:1      | Found Ethin's Distillery.
   686 | D:1      | Found Voirrot's General Store.
   708 | D:1      | Succumbed to a kobold's poison

Illustrated notes

Levels and vault maps discovered:
D:1:      lightli_iron_boxes, layout_rooms, serial_shops, nicolae_shop_stone,
          nicolae_shop_trees, shop, shop, nicolae_shop_window_shopping

Action                   || total
-------------------------++-------
Melee: Mace              ||    29
       Kick              ||     3
       Peck              ||     3
Invok: Berserk           ||     3
  Use: Potion            ||     2
       Scroll            ||     1
Armor: Animal skin       ||    10
       Chain mail        ||     2
Dodge: Dodged            ||    33

Table legend: (Time is in decaauts)
 A = Elapsed time spent in this place.
 B = Non-inter-level travel time spent in this place.
 C = Inter-level travel time spent in this place.
 D = Time resting spent in this place.
 E = Time spent auto-exploring this place.
 F = Levels seen in this place.
 G = Mean time per level.
                   A        B        C        D        E       F      G
               +--------+--------+--------+--------+--------+-----+--------+
         Total |    729 |    729 |      0 |    428 |    127 |   1 |  729.0 |
       Dungeon |    729 |    729 |      0 |    428 |    127 |   1 |  729.0 |
               +--------+--------+--------+--------+--------+-----+--------+

Top non-repeatable levels by time:
     D:1: 729 daAuts
